NYP
BROOKLYN CYCLONES @ HILLSBORO HOPS
05/02/2044
 
TOP OF THE 1ST
Brooklyn Cyclones batting - Pitching for Hillsboro Hops : LHP Haunani Moritiica
Pitching: LHP Haunani Moritiica
Batting: RHB Tony Oria 0-0: Foul Ball, location: 2F
0-1: SINGLE (Groundball, 25, EV 61.2 MPH) (infield hit)
Batting: RHB Edolf Vlemmings 0-0: Fielders Choice at 2nd, 6-4 (Groundball, 6M, EV 88.1 MPH)
Batting: RHB Leo Roman 0-0: Called Strike
0-1: Ball
1-1: Ball
Edolf Vlemmings steals 2nd base
2-1: Foul Ball, location: 2F
2-2: Foul Ball, location: 2F
2-2: Ball
3-2: Foul Ball, location: 2F
3-2: Ground out 4-3 (Groundball, 4, EV 106.2 MPH)
Edolf Vlemmings to third
Batting: RHB Oscar Chairez 0-0: TRIPLE (Flyball, 89XD, EV 108.1 MPH)
Edolf Vlemmings scores
Batting: LHB Adam Barry 0-0: Ground out 1-3 (Groundball, 15S, EV 68.8 MPH)
Top of the 1st over - 1 run, 2 hits, 0 errors, 1 left on base; Brooklyn 1 - Hillsboro 0
BOTTOM OF THE 1ST
Hillsboro Hops batting - Pitching for Brooklyn Cyclones : RHP John Mason
Pitching: RHP John Mason
Batting: RHB Yasuo Nakata 0-0: Foul Ball, location: 2F
0-1: Foul Ball, location: 2F
0-2: Ball
1-2: Ball
2-2: Ball
3-2: TRIPLE (Flyball, 9D, EV 103.8 MPH)
Batting: RHB Brandon Joshua 0-0: Ball
1-0: DOUBLE (Line Drive, 7LM, EV 111.2 MPH)
Yasuo Nakata scores
Batting: RHB Larry Hardman 0-0: SINGLE (Line Drive, 6MD, EV 98.8 MPH)
Brandon Joshua to third
Batting: RHB Jeremy Coffey 0-0: Ball
Larry Hardman steals 2nd base
1-0: Ball
2-0: Foul Ball, location: 2F
2-1: Ground out 6-3 (Groundball, 6, EV 91.9 MPH)
Brandon Joshua scores
Batting: LHB Andy Wilmoth 0-0: Swinging Strike
0-1: Ball
1-1: Ball
2-1: Foul Ball, location: 2F
2-2: Strikes out swinging
Batting: RHB Jeremy Adams 0-0: Called Strike
0-1: Ground out 5-3 (Groundball, 5S, EV 65.6 MPH)
Bottom of the 1st over - 2 runs, 3 hits, 0 errors, 1 left on base; Brooklyn 1 - Hillsboro 2
TOP OF THE 2ND
Brooklyn Cyclones batting - Pitching for Hillsboro Hops : LHP Haunani Moritiica
Batting: SHB Julio Ramos 0-0: Ball
1-0: Swinging Strike
1-1: Foul Ball, location: 2F
1-2: Strikes out swinging
Batting: RHB Hyeok Kim 0-0: Called Strike
0-1: Ball
1-1: Ball
2-1: Swinging Strike
2-2: Foul Ball, location: 2F
2-2: Foul Ball, location: 2F
2-2: Ball
3-2: Base on Balls
Batting: LHB Kodai Furuki 0-0: Ball
1-0: Called Strike
1-1: Swinging Strike
1-2: Strikes out looking
Batting: RHB Louwe Starmans 0-0: Ball
1-0: Ball
2-0: Ball
3-0: Called Strike
3-1: Foul Ball, location: 2F
3-2: Foul Ball, location: 2F
3-2: Fly out, F8 (Flyball, 8LD, EV 96.9 MPH)
Top of the 2nd over - 0 runs, 0 hits, 0 errors, 1 left on base; Brooklyn 1 - Hillsboro 2
BOTTOM OF THE 2ND
Hillsboro Hops batting - Pitching for Brooklyn Cyclones : RHP John Mason
Batting: RHB Bryan Shuller 0-0: Called Strike
0-1: Ball
1-1: Swinging Strike
1-2: Ground out 4-3 (Groundball, 4, EV 98.1 MPH)
Batting: SHB Mike Kiefer 0-0: Called Strike
0-1: Ball
1-1: Swinging Strike
1-2: Foul Ball, location: 2F
1-2: Strikes out swinging
Batting: RHB Trevor Corey 0-0: Called Strike
0-1: Swinging Strike
0-2: Ball
1-2: Strikes out swinging
Bottom of the 2nd over - 0 runs, 0 hits, 0 errors, 0 left on base; Brooklyn 1 - Hillsboro 2
TOP OF THE 3RD
Brooklyn Cyclones batting - Pitching for Hillsboro Hops : LHP Haunani Moritiica
Batting: RHB Tony Oria 0-0: Ball
1-0: Foul Ball, location: 2F
1-1: Swinging Strike
1-2: Strikes out swinging
Batting: RHB Edolf Vlemmings 0-0: Ball
1-0: Called Strike
1-1: Swinging Strike
1-2: Foul Ball, location: 2F
1-2: Ground out U3 (Groundball, 34S, EV 86.9 MPH)
Batting: RHB Leo Roman 0-0: Ground out 5-3 (Groundball, 56, EV 90.0 MPH)
Top of the 3rd over - 0 runs, 0 hits, 0 errors, 0 left on base; Brooklyn 1 - Hillsboro 2
BOTTOM OF THE 3RD
Hillsboro Hops batting - Pitching for Brooklyn Cyclones : RHP John Mason
Batting: RHB Yasuo Nakata 0-0: Swinging Strike
0-1: Ground out 5-3 (Groundball, 56D, EV 100.6 MPH)
Batting: RHB Brandon Joshua 0-0: Ball
1-0: Called Strike
1-1: Ball
2-1: Ground out 6-3 (Groundball, 6, EV 93.8 MPH)
Batting: RHB Larry Hardman 0-0: Ball
1-0: Ball
2-0: Ground out 5-3 (Groundball, 56S, EV 86.9 MPH)
Bottom of the 3rd over - 0 runs, 0 hits, 0 errors, 0 left on base; Brooklyn 1 - Hillsboro 2
TOP OF THE 4TH
Brooklyn Cyclones batting - Pitching for Hillsboro Hops : LHP Haunani Moritiica
Batting: RHB Oscar Chairez 0-0: Ball
1-0: Ground out 6-3 (Groundball, 6, EV 88.8 MPH)
Batting: LHB Adam Barry 0-0: Ball
1-0: Ground out 5-3 (Groundball, 5L, EV 98.8 MPH)
Batting: SHB Julio Ramos 0-0: Ball
1-0: Ball
2-0: Swinging Strike
2-1: Foul Ball, location: 2F
2-2: SINGLE (Line Drive, 56D, EV 95.6 MPH)
Batting: RHB Hyeok Kim 0-0: Called Strike
0-1: Ball
1-1: Ground out 5-3 (Groundball, 56S, EV 90.0 MPH)
Top of the 4th over - 0 runs, 1 hit, 0 errors, 1 left on base; Brooklyn 1 - Hillsboro 2
BOTTOM OF THE 4TH
Hillsboro Hops batting - Pitching for Brooklyn Cyclones : RHP John Mason
Batting: RHB Jeremy Coffey 0-0: Called Strike
0-1: Called Strike
0-2: Foul Ball, location: 2F
0-2: Ball
1-2: Foul Ball, location: 2F
1-2: Ball
2-2: Strikes out swinging
Batting: LHB Andy Wilmoth 0-0: Called Strike
0-1: Foul Ball, location: 2F
0-2: Foul Ball, location: 2F
0-2: Ball
1-2: Ball
2-2: Ball
3-2: Strikes out looking
Batting: RHB Jeremy Adams 0-0: Ball
1-0: Ball
2-0: Ground out 3-1 (Groundball, 34, EV 89.4 MPH)
Bottom of the 4th over - 0 runs, 0 hits, 0 errors, 0 left on base; Brooklyn 1 - Hillsboro 2
TOP OF THE 5TH
Brooklyn Cyclones batting - Pitching for Hillsboro Hops : LHP Haunani Moritiica
Batting: LHB Kodai Furuki 0-0: Ball
1-0: Swinging Strike
1-1: Reached on error, E3 (Groundball, 3, EV 94.4 MPH)
Batting: RHB Louwe Starmans 0-0: Ball
1-0: Called Strike
1-1: Called Strike
1-2: Strikes out swinging
Batting: RHB Tony Oria Pickoff Throw to First - Out! 1-3
0-0: Called Strike
0-1: Ball
1-1: Ground out 6-3 (Groundball, 6, EV 83.1 MPH)
Top of the 5th over - 0 runs, 0 hits, 1 error, 0 left on base; Brooklyn 1 - Hillsboro 2
BOTTOM OF THE 5TH
Hillsboro Hops batting - Pitching for Brooklyn Cyclones : RHP John Mason
Batting: RHB Bryan Shuller 0-0: Called Strike
0-1: Ball
1-1: Ground out 4-3 (Groundball, 34, EV 108.1 MPH)
Batting: SHB Mike Kiefer 0-0: Ball
1-0: Ball
2-0: Foul Ball, location: 2F
2-1: Ball
3-1: SINGLE (Groundball, 56D, EV 106.2 MPH)
Batting: RHB Trevor Corey 0-0: Ball
1-0: Called Strike
1-1: Ball
2-1: Swinging Strike
2-2: Ball
3-2: SINGLE (Flyball, 7LS, EV 91.9 MPH)
Mike Kiefer to second
Batting: RHB Yasuo Nakata 0-0: Called Strike
0-1: Foul Ball, location: 2F
0-2: Strikes out swinging
Batting: RHB Brandon Joshua 0-0: Ground out U3 (Groundball, 34S, EV 88.1 MPH)
Bottom of the 5th over - 0 runs, 2 hits, 0 errors, 2 left on base; Brooklyn 1 - Hillsboro 2
TOP OF THE 6TH
Brooklyn Cyclones batting - Pitching for Hillsboro Hops : LHP Haunani Moritiica
Batting: RHB Edolf Vlemmings 0-0: Foul Ball, location: 2F
0-1: Swinging Strike
0-2: Foul Ball, location: 2F
0-2: Ball
1-2: Ball
2-2: Ball
3-2: Strikes out swinging
Batting: RHB Leo Roman 0-0: Ball
1-0: Ball
2-0: Called Strike
2-1: Ball
3-1: Called Strike
3-2: Base on Balls
Batting: RHB Oscar Chairez 0-0: Called Strike
0-1: Ball
1-1: Fielders Choice at 2nd, 4-6 (Groundball, 34, EV 83.8 MPH)
Batting: LHB Adam Barry 0-0: Called Strike
0-1: Ball
Oscar Chairez steals 2nd base
1-1: Ball
2-1: Ground out 5-3 (Groundball, 56, EV 107.5 MPH)
Top of the 6th over - 0 runs, 0 hits, 0 errors, 1 left on base; Brooklyn 1 - Hillsboro 2
BOTTOM OF THE 6TH
Hillsboro Hops batting - Pitching for Brooklyn Cyclones : RHP John Mason
Batting: RHB Larry Hardman 0-0: SINGLE (Line Drive, 78M, EV 91.9 MPH)
Batting: RHB Jeremy Coffey 0-0: Called Strike
0-1: Ball
1-1: Swinging Strike
1-2: Ball
Larry Hardman steals 2nd base
2-2: Foul Ball, location: 2F
2-2: Ground out 6-3 (Groundball, 6M, EV 98.8 MPH)
Larry Hardman to third
Batting: LHB Andy Wilmoth 0-0: Called Strike
0-1: Called Strike
0-2: Ball
1-2: Strikes out swinging
Batting: RHB Jeremy Adams 0-0: Ball
1-0: Ball
2-0: Called Strike
2-1: SINGLE (Flyball, 4MD, EV 83.1 MPH)
Larry Hardman scores
Batting: RHB Bryan Shuller 0-0: Ball
1-0: Foul Ball, location: 2F
1-1: Ball
2-1: Ball
3-1: Foul Ball, location: 2F
3-2: Base on Balls
Jeremy Adams to second
Batting: SHB Mike Kiefer 0-0: Called Strike
0-1: Ball
1-1: Ball
2-1: Ball
3-1: Base on Balls
Jeremy Adams to third
Bryan Shuller to second
Batting: RHB Trevor Corey 0-0: Called Strike
0-1: Swinging Strike
0-2: Ball
1-2: Foul Ball, location: 2F
1-2: Strikes out swinging
Bottom of the 6th over - 1 run, 2 hits, 0 errors, 3 left on base; Brooklyn 1 - Hillsboro 3
TOP OF THE 7TH
Brooklyn Cyclones batting - Pitching for Hillsboro Hops : LHP Haunani Moritiica
Batting: SHB Julio Ramos 0-0: Foul Ball, location: 2F
0-1: Ball
1-1: Foul Ball, location: 2F
1-2: Ground out 6-3 (Groundball, 6M, EV 105.6 MPH)
Batting: RHB Hyeok Kim 0-0: Ball
1-0: Ground out 4-3 (Groundball, 4, EV 81.2 MPH)
Batting: LHB Kodai Furuki 0-0: Ball
1-0: Ball
2-0: Ball
3-0: Base on Balls
Pitching: RHP Scott Dobrowolski
Batting: RHB Louwe Starmans 0-0: Ball
1-0: Ball
2-0: Called Strike
2-1: Ball
3-1: SINGLE (Line Drive, 8RS, EV 102.5 MPH)
Kodai Furuki to second
Pinch Runner at 2nd Tony Infante:
Pinch Hitting: LHB Victor Ferrermena 0-0: Ball
1-0: Ball
2-0: 3-RUN HOME RUN (Flyball, 9LD, EV 91.9 MPH), Distance : 354 ft
Batting: RHB Edolf Vlemmings 0-0: Ball
1-0: Foul Ball, location: 2F
1-1: Swinging Strike
1-2: Ball
2-2: Foul Ball, location: 2F
2-2: Ball
3-2: Fly out, F7 (Flyball, 7LM, EV 104.4 MPH)
Top of the 7th over - 3 runs, 2 hits, 0 errors, 0 left on base; Brooklyn 4 - Hillsboro 3
BOTTOM OF THE 7TH
Hillsboro Hops batting - Pitching for Brooklyn Cyclones : RHP John Mason
Pitching: RHP Alastair Henry
Now at 3B: Rongo Olopoto
Batting: RHB Yasuo Nakata 0-0: Called Strike
0-1: Ball
1-1: Ball
2-1: Ball
3-1: DOUBLE (Line Drive, 7LM, EV 87.5 MPH)
Batting: RHB Brandon Joshua 0-0: Ball
1-0: Ball
2-0: Called Strike
2-1: Foul Ball, location: 2F
2-2: Foul Ball, location: 2F
2-2: Ball
3-2: Foul Ball, location: 2F
3-2: Foul Ball, location: 2F
3-2: Foul Ball, location: 2F
3-2: Base on Balls
Batting: RHB Larry Hardman 0-0: Ball
1-0: Ball
2-0: Swinging Strike
2-1: Foul Ball, location: 2F
2-2: Ball
3-2: Strikes out looking
Batting: RHB Jeremy Coffey 0-0: Ball
1-0: Ball
2-0: Called Strike
2-1: Ball
3-1: Base on Balls
Yasuo Nakata to third
Brandon Joshua to second
Pitching: LHP Jose Diaz
Batting: RHB Edgar Garcia 0-0: Fly out, F8 (Flyball, 78XD, EV 85.0 MPH)
Runner from 3rd tags up, SCORES, no throw by CF
Brandon Joshua to third
Pitching: LHP Mike Capers
Batting: RHB Jeremy Adams 0-0: Swinging Strike
0-1: Ball
1-1: Ball
2-1: Swinging Strike
2-2: Fly out, F9 (Flyball, 9LS, EV 90.6 MPH)
Bottom of the 7th over - 1 run, 1 hit, 0 errors, 2 left on base; Brooklyn 4 - Hillsboro 4
TOP OF THE 8TH
Brooklyn Cyclones batting - Pitching for Hillsboro Hops : RHP Scott Dobrowolski
Batting: RHB Leo Roman 0-0: Ball
1-0: Called Strike
1-1: Called Strike
1-2: Strikes out swinging
Pinch Hitting: LHB Bill Fortin 0-0: Called Strike
0-1: Ball
1-1: Swinging Strike
1-2: Foul Ball, location: 2F
1-2: Ball
2-2: Fly out, F5 (Flyball, 56D, EV 75.6 MPH)
Pitching: LHP Jonathan O'Donnell
Batting: LHB Adam Barry 0-0: Ball
1-0: Fly out, F6 (Flyball, 6D, EV 86.2 MPH)
Top of the 8th over - 0 runs, 0 hits, 0 errors, 0 left on base; Brooklyn 4 - Hillsboro 4
BOTTOM OF THE 8TH
Hillsboro Hops batting - Pitching for Brooklyn Cyclones : LHP Mike Capers
Now in CF: Mario Trujillo
Batting: RHB Bryan Shuller 0-0: TRIPLE (Line Drive, 89XD, EV 105.0 MPH)
Batting: SHB Mike Kiefer 0-0: Called Strike
0-1: Called Strike
0-2: Ball
1-2: Strikes out looking
Batting: RHB Trevor Corey 0-0: Ball
1-0: Called Strike
1-1: Swinging Strike
1-2: Strikes out looking
Batting: RHB Yasuo Nakata 0-0: Ground out 5-3 (Groundball, 5S, EV 91.2 MPH)
Bottom of the 8th over - 0 runs, 1 hit, 0 errors, 1 left on base; Brooklyn 4 - Hillsboro 4
TOP OF THE 9TH
Brooklyn Cyclones batting - Pitching for Hillsboro Hops : LHP Jonathan O'Donnell
Pitching: LHP Yuko Kajiwara
Batting: SHB Julio Ramos 0-0: Ball
1-0: Called Strike
1-1: Called Strike
1-2: Foul Ball, location: 2F
1-2: Ball
2-2: Ground out 5-3 (Groundball, 5L, EV 101.9 MPH)
Batting: RHB Hyeok Kim 0-0: Ball
1-0: Ground out 5-3 (Groundball, 56S, EV 85.6 MPH)
Batting: RHB Tony Infante 0-0: Called Strike
0-1: Ball
1-1: Swinging Strike
1-2: Foul Ball, location: 2F
1-2: Ball
2-2: Foul Ball, location: 2F
2-2: Strikes out looking
Top of the 9th over - 0 runs, 0 hits, 0 errors, 0 left on base; Brooklyn 4 - Hillsboro 4
BOTTOM OF THE 9TH
Hillsboro Hops batting - Pitching for Brooklyn Cyclones : LHP Mike Capers
Batting: RHB Brandon Joshua 0-0: Fly out, F7 (Line Drive, 7S, EV 94.4 MPH)
Batting: RHB Larry Hardman 0-0: Foul Ball, location: 2F
0-1: Ball
1-1: Ball
2-1: Swinging Strike
2-2: Foul Ball, location: 2F
2-2: Fly out, F7 (Line Drive, 7, EV 91.9 MPH)
Batting: RHB Jeremy Coffey 0-0: Called Strike
0-1: Foul Ball, location: 2F
0-2: Ball
1-2: Foul Ball, location: 2F
1-2: Ball
2-2: Strikes out swinging, 2-3 out at first.
Bottom of the 9th over - 0 runs, 0 hits, 0 errors, 0 left on base; Brooklyn 4 - Hillsboro 4
TOP OF THE 10TH
Brooklyn Cyclones batting - Pitching for Hillsboro Hops : LHP Yuko Kajiwara
Batting: RHB Louwe Starmans 0-0: Called Strike
0-1: Ball
1-1: Called Strike
1-2: Ball
2-2: Strikes out swinging
Batting: RHB Rongo Olopoto 0-0: Called Strike
0-1: Ball
1-1: Called Strike
1-2: Ball
2-2: Ball
3-2: Foul Ball, location: 2F
3-2: Strikes out swinging
Batting: RHB Edolf Vlemmings 0-0: Foul Ball, location: 2F
0-1: Ball
1-1: Ball
2-1: Ball
3-1: Swinging Strike
3-2: Strikes out swinging
Top of the 10th over - 0 runs, 0 hits, 0 errors, 0 left on base; Brooklyn 4 - Hillsboro 4
BOTTOM OF THE 10TH
Hillsboro Hops batting - Pitching for Brooklyn Cyclones : LHP Mike Capers
Pitching: LHP Scott Carr
Batting: RHB Edgar Garcia 0-0: Called Strike
0-1: Ball
1-1: Ball
2-1: Ball
3-1: Base on Balls
Batting: RHB Jeremy Adams 0-0: Ball
1-0: Ball
2-0: Bunted foul
2-1: Ball
3-1: Bunted foul
3-2: Fielders Choice at 2nd, 6-4 (Groundball, 6, EV 83.1 MPH)
Batting: RHB Bryan Shuller 0-0: Ball
1-0: Ball
2-0: Ball
3-0: Fly out, F3 (Line Drive, 3, EV 72.5 MPH)
Lined into DP, U3 (Line Drive, 3, EV 65.0 MPH)
Bottom of the 10th over - 0 runs, 0 hits, 0 errors, 0 left on base; Brooklyn 4 - Hillsboro 4
TOP OF THE 11TH
Brooklyn Cyclones batting - Pitching for Hillsboro Hops : LHP Yuko Kajiwara
Pitching: RHP Guillermo Gonzalez
Batting: RHB Leo Roman 0-0: Called Strike
0-1: Ground out 5-3 (Groundball, 5, EV 101.9 MPH)
Batting: RHB Mario Trujillo 0-0: Foul Ball, location: 2F
0-1: Foul Ball, location: 2F
0-2: Ball
1-2: Strikes out looking
Batting: LHB Adam Barry 0-0: Foul Ball, location: 2F
0-1: Ground out 4-3 (Groundball, 4, EV 89.4 MPH)
Top of the 11th over - 0 runs, 0 hits, 0 errors, 0 left on base; Brooklyn 4 - Hillsboro 4
BOTTOM OF THE 11TH
Hillsboro Hops batting - Pitching for Brooklyn Cyclones : LHP Scott Carr
Batting: SHB Mike Kiefer 0-0: Foul Ball, location: 2F
0-1: Ground out 5-3 (Groundball, 56S, EV 85.0 MPH)
Batting: RHB Trevor Corey 0-0: Ball
1-0: Ball
2-0: Called Strike
2-1: Foul Ball, location: 2F
2-2: Ball
3-2: Fly out, F9 (Flyball, 89XD, EV 106.9 MPH)
Batting: RHB Yasuo Nakata 0-0: Called Strike
0-1: Ball
1-1: Ball
2-1: Foul Ball, location: 2F
2-2: Strikes out looking
Bottom of the 11th over - 0 runs, 0 hits, 0 errors, 0 left on base; Brooklyn 4 - Hillsboro 4
TOP OF THE 12TH
Brooklyn Cyclones batting - Pitching for Hillsboro Hops : RHP Guillermo Gonzalez
Batting: SHB Julio Ramos 0-0: Called Strike
0-1: Ball
1-1: Foul Ball, location: 2F
1-2: Strikes out swinging
Batting: RHB Hyeok Kim 0-0: Called Strike
0-1: Ball
1-1: Called Strike
1-2: Ball
2-2: Foul Ball, location: 2F
2-2: Strikes out swinging
Batting: RHB Tony Infante 0-0: Called Strike
0-1: Ball
1-1: Foul Ball, location: 2F
1-2: DOUBLE (Groundball, 3L, EV 105.6 MPH)
Batting: RHB Louwe Starmans 0-0: Ground out 5-3 (Groundball, 56, EV 104.4 MPH)
Top of the 12th over - 0 runs, 1 hit, 0 errors, 1 left on base; Brooklyn 4 - Hillsboro 4
BOTTOM OF THE 12TH
Hillsboro Hops batting - Pitching for Brooklyn Cyclones : LHP Scott Carr
Pitching: RHP Jason Vulich
Batting: RHB Brandon Joshua 0-0: Called Strike
0-1: Ball
1-1: Ball
2-1: Called Strike
2-2: Foul Ball, location: 2F
2-2: Strikes out looking
Batting: RHB Larry Hardman 0-0: SINGLE (Groundball, 25, EV 66.2 MPH) (infield hit)
Batting: RHB Jeremy Coffey 0-0: Called Strike
0-1: Ball
Passed Ball!
Larry Hardman to second
1-1: Ball
2-1: Ball
3-1: Swinging Strike
3-2: Base on Balls
Batting: RHB Edgar Garcia 0-0: Fielders Choice at 2nd, 3-6 (Groundball, 34, EV 88.1 MPH)
Larry Hardman to third
Batting: RHB Jeremy Adams 0-0: Called Strike
0-1: Ball
1-1: Ball
2-1: Swinging Strike
2-2: Strikes out looking
Bottom of the 12th over - 0 runs, 1 hit, 0 errors, 2 left on base; Brooklyn 4 - Hillsboro 4
TOP OF THE 13TH
Brooklyn Cyclones batting - Pitching for Hillsboro Hops : RHP Guillermo Gonzalez
Batting: RHB Rongo Olopoto 0-0: Swinging Strike
0-1: Swinging Strike
0-2: Foul Ball, location: 2F
0-2: Ball
1-2: Strikes out swinging
Pitching: LHP Eric Dennis
Batting: RHB Edolf Vlemmings 0-0: Ball
1-0: Ball
2-0: Called Strike
2-1: Ball
3-1: Base on Balls
Batting: RHB Leo Roman 0-0: Called Strike
Edolf Vlemmings is caught stealing 2nd base 2-4
0-1: Ball
1-1: Ground out U3 (Groundball, 3, EV 87.5 MPH)
Top of the 13th over - 0 runs, 0 hits, 0 errors, 0 left on base; Brooklyn 4 - Hillsboro 4
BOTTOM OF THE 13TH
Hillsboro Hops batting - Pitching for Brooklyn Cyclones : RHP Jason Vulich
Batting: RHB Bryan Shuller 0-0: Ground out 6-3 (Groundball, 6, EV 78.8 MPH)
Batting: SHB Mike Kiefer 0-0: Ball
1-0: Called Strike
1-1: Foul Ball, location: 2F
1-2: Ball
2-2: Ground out 4-3 (Groundball, 4M, EV 107.5 MPH)
Batting: RHB Trevor Corey 0-0: Called Strike
0-1: Foul Ball, location: 2F
0-2: Ball
1-2: Ball
2-2: Strikes out swinging, 2-3 out at first.
Bottom of the 13th over - 0 runs, 0 hits, 0 errors, 0 left on base; Brooklyn 4 - Hillsboro 4
TOP OF THE 14TH
Brooklyn Cyclones batting - Pitching for Hillsboro Hops : LHP Eric Dennis
Batting: RHB Mario Trujillo 0-0: Ground out U3 (Groundball, 23, EV 88.8 MPH)
Batting: LHB Adam Barry 0-0: Swinging Strike
0-1: Ball
1-1: Ball
2-1: Ball
3-1: Ground out 4-3 (Groundball, 4, EV 104.4 MPH)
Batting: SHB Julio Ramos 0-0: Foul Ball, location: 2F
0-1: Fly out, F8 (Flyball, 8LM, EV 93.8 MPH)
Top of the 14th over - 0 runs, 0 hits, 0 errors, 0 left on base; Brooklyn 4 - Hillsboro 4
BOTTOM OF THE 14TH
Hillsboro Hops batting - Pitching for Brooklyn Cyclones : RHP Jason Vulich
Batting: RHB Yasuo Nakata 0-0: Swinging Strike
0-1: Ball
1-1: Ground out 5-3 (Groundball, 56S, EV 92.5 MPH)
Batting: RHB Brandon Joshua 0-0: Called Strike
0-1: Ball
1-1: SINGLE (Groundball, 6M, EV 98.8 MPH) (infield hit)
Batting: RHB Larry Hardman 0-0: Ball
1-0: Foul Ball, location: 2F
1-1: Ball
Brandon Joshua is caught stealing 2nd base 2-4
2-1: Ball
3-1: Base on Balls
Pitching: RHP Robbie Beerbower
Batting: RHB Jeremy Coffey 0-0: Ball
Larry Hardman is caught stealing 2nd base 2-4
Bottom of the 14th over - 0 runs, 1 hit, 0 errors, 0 left on base; Brooklyn 4 - Hillsboro 4
TOP OF THE 15TH
Brooklyn Cyclones batting - Pitching for Hillsboro Hops : LHP Eric Dennis
Batting: RHB Hyeok Kim 0-0: Ball
1-0: Fly out, F6 (Line Drive, 6, EV 74.4 MPH)
Batting: RHB Tony Infante 0-0: Ball
1-0: Swinging Strike
1-1: Called Strike
1-2: Ball
2-2: Foul Ball, location: 2F
2-2: Strikes out swinging
Batting: RHB Louwe Starmans 0-0: Ball
1-0: Ball
2-0: Foul Ball, location: 2F
2-1: Ball
3-1: Base on Balls
Pitching: RHP Josh Halvorson
Batting: RHB Rongo Olopoto 0-0: Called Strike
0-1: Fly out, F7 (Line Drive, 7D, EV 95.6 MPH)
Top of the 15th over - 0 runs, 0 hits, 0 errors, 1 left on base; Brooklyn 4 - Hillsboro 4
BOTTOM OF THE 15TH
Hillsboro Hops batting - Pitching for Brooklyn Cyclones : RHP Robbie Beerbower
Batting: RHB Jeremy Coffey 0-0: Ball
1-0: Fly out, F8 (Flyball, 89S, EV 91.2 MPH)
Batting: RHB Edgar Garcia 0-0: Foul Ball, location: 2F
0-1: Ball
1-1: Ball
2-1: Ball
3-1: Ground out 1-3 (Groundball, 13S, EV 68.1 MPH)
Batting: RHB Jeremy Adams 0-0: Called Strike
0-1: Swinging Strike
0-2: Strikes out looking
Bottom of the 15th over - 0 runs, 0 hits, 0 errors, 0 left on base; Brooklyn 4 - Hillsboro 4
TOP OF THE 16TH
Brooklyn Cyclones batting - Pitching for Hillsboro Hops : RHP Josh Halvorson
Batting: RHB Edolf Vlemmings 0-0: Called Strike
0-1: Ball
1-1: Ground out 5-3 (Groundball, 56S, EV 73.8 MPH)
Batting: RHB Leo Roman 0-0: Ball
1-0: Ball
2-0: Called Strike
2-1: SOLO HOME RUN (Flyball, 78XD, EV 116.9 MPH), Distance : 451 ft
Batting: RHB Mario Trujillo 0-0: Ball
1-0: Swinging Strike
1-1: Ball
2-1: Foul Ball, location: 2F
2-2: DOUBLE (Flyball, 8LXD, EV 106.2 MPH)
Batting: LHB Adam Barry 0-0: Called Strike
0-1: Swinging Strike
0-2: Foul Ball, location: 2F
0-2: Strikes out looking
Batting: SHB Julio Ramos 0-0: Intentional Walk
Batting: RHB Hyeok Kim 0-0: Ball
1-0: Ball
2-0: Called Strike
2-1: Ball
3-1: Foul Ball, location: 2F
3-2: Hit by Pitch
Mario Trujillo to third
Julio Ramos to second
Batting: RHB Tony Infante 0-0: Called Strike
0-1: Ball
1-1: Ball
2-1: Ball
3-1: Base on Balls
Mario Trujillo scores
Julio Ramos to third
Hyeok Kim to second
Batting: RHB Louwe Starmans 0-0: Ball
Wild Pitch!
Julio Ramos scores
Hyeok Kim to third
Tony Infante to second
1-0: Called Strike
1-1: Ground out 6-3 (Groundball, 6, EV 104.4 MPH)
Top of the 16th over - 3 runs, 2 hits, 0 errors, 2 left on base; Brooklyn 7 - Hillsboro 4
BOTTOM OF THE 16TH
Hillsboro Hops batting - Pitching for Brooklyn Cyclones : RHP Robbie Beerbower
Batting: RHB Bryan Shuller 0-0: Swinging Strike
0-1: Ball
1-1: Fly out, F4 (Popup, 4M, EV 62.5 MPH)
Batting: SHB Mike Kiefer 0-0: Swinging Strike
0-1: Ball
1-1: Ball
2-1: Ball
3-1: Called Strike
3-2: Strikes out swinging
Batting: RHB Trevor Corey 0-0: Called Strike
0-1: Ball
1-1: Fly out, F7 (Flyball, 78M, EV 79.4 MPH)
Bottom of the 16th over - 0 runs, 0 hits, 0 errors, 0 left on base; Brooklyn 7 - Hillsboro 4
Thursday, March 31st , 2022 - OOTP Baseball 22.12 Build 89